 Dungeon Crawl Stone Soup version 0.18.1-50-g88ac8fd (webtiles) character file.

135 nikopol the Skirmisher (level 5, 0/47 HPs)
             Began as a Hill Orc Fighter on Oct 16, 2016.
             Killed from afar by a white imp (9 damage)
             ... with a puff of frost
             ... summoned by Natasha
             ... on level 2 of the Dungeon.
             The game lasted 00:05:08 (1628 turns).

nikopol the Skirmisher (Hill Orc Fighter)           Turns: 1628, Time: 00:05:09

Health: 0/47       AC:  7    Str: 20    XL:     5   Next: 18%
Magic:  5/5        EV:  7    Int:  8    God:
Gold:   104        SH:  9    Dex: 10    Spells: 0 memorised, 4 levels left

rFire  . . .     SeeInvis .     a - +0 war axe
rCold  . . .     Gourm    .     b - +0 scale mail
rNeg   . . .     Faith    .     c - +0 shield
rPois  .         Spirit   .     (no helmet)
rElec  .         Dismiss  .     l - -1 cloak (curse)
rCorr  .         Reflect  .     (no gloves)
SustAt .         Harm     .     (no boots)
MR     .....                    (no amulet)
Stlth  ..........               (no ring)
                                (no ring)

@: slowed, very slow, not resistant to hostile enchantments, extremely
unstealthy
A: no striking features
a: no special abilities


You were on level 2 of the Dungeon.
You were not hungry.

You visited 1 branch of the dungeon, and saw 2 of its levels.

You collected 104 gold pieces.

Inventory:

Hand Weapons
 a - a +0 war axe (weapon)
Armour
 b - a +0 scale mail (worn)
 c - a +0 shield (worn)
 l - a cursed -1 cloak (worn)
Scrolls
 g - 3 scrolls of identify {unknown}
 k - a scroll of recharging {unknown}
 m - a scroll of magic mapping {unknown}
 o - 2 scrolls of immolation {unknown}
 r - a scroll of random uselessness {unknown}
Potions
 d - a potion of might
 e - a potion of cancellation {unknown}
 h - a potion of ambrosia {unknown}
 i - a potion of magic {unknown}
 j - a potion of haste {unknown}
 q - a potion of cure mutation {unknown}
 s - a potion of curing {unknown}
Comestibles
 f - 4 bread rations
 n - 5 fruits


   Skills:
 + Level 4.6 Fighting
 + Level 4.3 Axes
 + Level 4.1 Armour
 + Level 4.1 Shields


You had 4 spell levels left.
You didn't know any spells.

Dungeon Overview and Level Annotations

Branches:
Dungeon (2/15)

Altars:
Yredelemnul

Annotations:
D:2 Natasha


Message History

The white imp gestures at you. The puff of frost hits you!
Natasha zaps a wand.
You resist with some effort. Natasha claws you!
You closely miss Natasha.
Natasha is lightly wounded.
You closely miss the white imp.
Natasha stares at you and mumbles some strange words.
The magic dart hits you! The white imp gestures at you.
The puff of frost hits you!
* * * LOW HITPOINT WARNING * * *
Natasha misses you.
The white imp hits you but does no damage.
You closely miss Natasha. You closely miss the white imp.
Natasha howls an incantation.
Natasha shimmers violently.
Natasha barely misses you. The white imp gestures at you.
The puff of frost hits you!
You die...

.....#............##.............
.....#....##....####.............
.....#......#.....##............†
..........#.#..##.###.(..........
#####)....#....##...##.....##....
#..#.......####....#####.....
##..........# ###..##........
##........5#####...).......#
#####.......h@............##..
##...............##........# ##
................#.#.........#
...######............#......# ##
#......##.#.......[.#
#.)#>#.##....P.P......
##..#.#........_..#####
#...#.##....#.P. .#
#..#...#..##.#


You could see Natasha and a white imp.

Vanquished Creatures
  Natasha (twice) (D:2)
  3 adders (D:2)
  An ooze (D:1)
  3 worms (D:2)
  2 dart slugs (D:1)
  A giant gecko (D:2)
  3 giant cockroaches
  4 goblins
  4 hobgoblins
  4 jackals (D:2)
  4 bats
  2 giant newts
  6 kobolds
  5 rats
44 creatures vanquished.

Notes
Turn   | Place    | Note
--------------------------------------------------------------
     0 | D:1      | nikopol the Hill Orc Fighter began the quest for the Orb.
     0 | D:1      | Reached XP level 1. HP: 19/19 MP: 1/1
    87 | D:1      | Reached XP level 2. HP: 27/27 MP: 2/2
   631 | D:1      | Reached XP level 3. HP: 27/33 MP: 3/3
   845 | D:2      | Noticed Natasha
   854 | D:2      | Killed Natasha
   854 | D:2      | Reached XP level 4. HP: 21/40 MP: 4/4
  1584 | D:2      | Found a basalt altar of Yredelemnul.
  1587 | D:2      | Noticed Natasha
  1593 | D:2      | Killed Natasha
  1593 | D:2      | Reached XP level 5. HP: 41/47 MP: 5/5
  1618 | D:2      | Noticed Natasha
  1628 | D:2      | Killed from afar by a white imp

Skill      XL: |  1  2  3  4 |
---------------+-------------+-----
Axes           | 3 4 |  4.3
Fighting       | 4 |  4.6
Armour         | 4 |  4.1
Shields        | 4 |  4.1

Action                   |  1- 3 |  4- 6 || total
-------------------------+-------+-------++-------
Melee: War axe           |    62 |    74 ||   136
  Eat: Chunk             |       |     3 ||     3
Armor: Scale mail        |    31 |    28 ||    59
Dodge: Dodged            |    21 |    26 ||    47
Block: Shield            |    29 |    49 ||    78
